 Dungeon Crawl Stone Soup version 0.22-a0-422-g9628fc8 (webtiles) character file.

465 dstrtnsr the Fighter (level 7, -4/68 HPs)
             Began as a Hill Orc Berserker on May 19, 2018.
             Was a Follower of Trog.
             Slain by a gnoll
             ... wielding a +0 spear
              (5 damage)
             ... on level 5 of the Dungeon.
             The game lasted 00:17:45 (7558 turns).

dstrtnsr the Fighter (Hill Orc Berserker)           Turns: 7558, Time: 00:17:45

Health: -4/68      AC:  6    Str: 22    XL:     7   Next: 8%
Magic:  7/7        EV: 10    Int:  7    God:    Trog [*.....]
Gold:   195        SH:  0    Dex: 10    Spells: 6/6 levels left

rFire    . . .     SeeInvis .   e - 3 rations {!d}
rCold    . . .     Gourm    +   (no shield)
rNeg     . . .     Faith    .   d - -2 scale mail (curse)
rPois    .         Spirit   .   (no helmet)
rElec    .         Reflect  .   (no cloak)
rCorr    .         Harm     .   n - +0 pair of gloves
MR       .....     Rnd*Tele +   (no boots)
Stlth    +.........             o - amulet of the gourmand
HPRegen  0.21/turn              h - ring of stealth
MPRegen  0.10/turn              l - ring of teleportation (curse)

@: berserk cooldown, slowed, very slow
A: no striking features
a: Berserk, Renounce Religion


You were on level 5 of the Dungeon.
You worshipped Trog.
Trog was aware of your devotion.
You were hungry.

You visited 1 branch of the dungeon, and saw 6 of its levels.

You collected 195 gold pieces.

Inventory:

Missiles
 g - a throwing net (quivered)
Armour
 a - a +0 animal skin
 d - a cursed -2 scale mail (worn)
 j - a cursed +0 crystal plate armour
 n - a +0 pair of gloves (worn)
 t - the +0 leather armour of a volcano {+Fly, unknown}
   (You took it off an orc on level 4 of the Dungeon)

   It lets you fly.
Jewellery
 h - a ring of stealth (left hand)
 l - a cursed ring of teleportation (right hand)
 o - an amulet of the gourmand (around neck)
Wands
 V - a wand of digging (7)
Scrolls
 c - 3 scrolls of identify {@r1}
 f - a scroll of magic mapping
 i - a scroll of immolation
Comestibles
 e - 3 rations (in hand) {!d}


   Skills:
 + Level 8.0 Fighting
 * Level 4.8 Armour
 - Level 1.5 Dodging
 - Level 3.2 Unarmed Combat


You had 6 spell levels left.
You didn't know any spells.
Your spell library was empty.

Dungeon Overview and Level Annotations

Branches:
Dungeon (6/15)
 Temple: D:4-7

Altars:
Cheibriados
Dithmenos
Fedhas
Hepliaklqana
Kikubaaqudgha
Okawaru
Ru
Sif Muna
Xom
Zin


Message History

You now have 179 gold pieces (gained 13).
The gnoll closely misses you.
The crimson imp hits you but does no damage.
The gnoll hits you from afar with a spear.
You found a shaft!
You see here 16 gold pieces.
You now have 195 gold pieces (gained 16).
The gnoll hits you with a club!
A gnoll comes into view. It is wielding a spear.
The gnoll shouts!
You hear a shout!
A gnoll comes into view. It is wielding a spear.
You hear an angry hiss.
The gnoll shouts!
An adder comes into view.
A gnoll comes into view. It is wielding a flail.
A gnoll comes into view. It is wielding a flail.
The gnoll hits you from afar with a spear.
The gnoll hits you from afar with a spear.
The gnoll closely misses you. The gnoll hits you but does no damage.
Found 20 gold pieces.
Found a spear.
Found a gold wand.
You see here a wand of digging (9).
V - a wand of digging (9)
The gnoll hits you but does no damage. The gnoll hits you with a club.
Do you really want to go berserk while wielding your 3 rations {!d}?
A red film seems to cover your vision as you go berserk!
You feel yourself moving faster!
You feel mighty!
You are feeling hungry.
The gnoll barely misses you.
You barely miss the gnoll.
The gnoll hits you from afar with a spear.
You hit the gnoll!
The gnoll is heavily wounded.
The gnoll hits you with a club. The gnoll barely misses you.
You clumsily bash the gnoll.
You kill the gnoll!
Trog accepts your kill.
The gnoll hits you from afar with a spear.
The gnoll hits you from afar with a spear. x2
The gnoll hits you but does no damage.
You see here a club.
You clumsily bash the gnoll.
The gnoll is lightly wounded.
The gnoll closely misses you. The gnoll hits you but does no damage.
The gnoll hits you with a spear.
You clumsily bash the gnoll.
The gnoll is heavily wounded.
The gnoll hits you from afar with a spear. x2
The gnoll hits you with a spear.
You clumsily bash the gnoll.
The gnoll is severely wounded.
The gnoll hits you from afar with a spear. x2
The gnoll hits you with a spear.
You clumsily bash the gnoll but do no damage.
The gnoll is severely wounded.
The gnoll hits you but does no damage.
The gnoll hits you from afar with a spear.
The gnoll barely misses you.
You clumsily bash the gnoll.
You kill the gnoll!
Trog accepts your kill. The gnoll hits you but does no damage.
The gnoll barely misses you.
You are no longer berserk.
You pass out from exhaustion.
You feel yourself slow down. The gnoll hits you but does no damage.
The gnoll hits you with a spear. The gnoll hits you with a spear.
The gnoll hits you but does no damage. The gnoll hits you with a spear. x2
The gnoll hits you but does no damage. x2
You can move again.
You see here a spear.
Unknown command.
Evoke which item? (* to show all) (? for menu, Esc to quit)
Aiming: Dig
Press: ? - help, Shift-Dir - straight line The rock shatters into small pieces.
An adder skeleton comes into view.
An ogre comes into view. It is wielding a giant spiked club.
The gnoll hits you with a spear!
* * * LOW HITPOINT WARNING * * *
The gnoll closely misses you.
The ogre shouts!
The gnoll hits you from afar with a spear.
* * * LOW HITPOINT WARNING * * *
The gnoll hits you from afar with a spear.
* * * LOW HITPOINT WARNING * * *
The gnoll closely misses you. The gnoll hits you but does no damage.
Evoke which item? (* to show all) (? for menu, Esc to quit)
Aiming: Dig
Press: ? - help, Shift-Dir - straight line The rock shatters into small pieces.
The gnoll barely misses you. The gnoll misses you.
You clumsily bash the ogre but do no damage.
The gnoll hits you from afar with a spear.
* * * LOW HITPOINT WARNING * * *
The gnoll hits you from afar with a spear.
You die...

.)g.....# ........#
........######
.....g..+ ...#
........####.#######
######.....g.g.g..g#
###.###.#####g# ###
####.))g# ##@###
#O.# ≈.#.# #.Z##.#
#..≈ #.# #.#≈ #.# .
≈ #.# .≈ #.# #++


You could see an ogre, 3 gnolls and an adder skeleton.

Vanquished Creatures
  2 hounds
  An iguana (D:4)
  Terence (D:2)
  2 orc wizards
  2 worker ants
  A hound zombie (D:5)
  2 hound skeletons
  5 gnolls (D:5)
  7 adders
  A shadow imp (D:5)
  An ooze (D:2)
  2 worms
  2 dart slugs
  3 leopard geckos
  10 orcs
  2 bats (D:1)
  4 giant cockroaches
  7 hobgoblins
  2 jackals (D:1)
  4 quokkas
  2 ball pythons
  5 frilled lizards
  7 goblins
  3 jackal skeletons
  8 kobolds
  2 rats
88 creatures vanquished.

Notes
Turn   | Place    | Note
-------+----------+-------------------------------------------
     0 | D:1      | dstrtnsr the Hill Orc Berserker began the quest for the Orb.
     0 | D:1      | Reached XP level 1. HP: 19/19 MP: 1/1
   151 | D:1      | HP: 6/20 [kobold/short sword (4)]
   491 | D:1      | HP: 11/30 [hobgoblin/club (5)]
   492 | D:1      | Reached skill level 4 in Fighting
   887 | D:1      | Reached XP level 2. HP: 27/27 MP: 2/2
   999 | D:1      | HP: 11/28 [bat (1)]
  1009 | D:1      | HP: 16/42 [bat (1)]
  1664 | D:1      | HP: 15/42 [goblin/club (2)]
  2053 | D:2      | Reached skill level 5 in Fighting
  2053 | D:2      | Reached XP level 3. HP: 36/36 MP: 3/3
  2196 | D:2      | Noticed Terence
  2373 | D:2      | Killed Terence
  2373 | D:2      | Reached skill level 6 in Fighting
  2373 | D:2      | Reached XP level 4. HP: 44/44 MP: 4/4
  2672 | D:2      | Found an iron altar of Okawaru.
  2756 | D:2      | Found an ancient bone altar of Kikubaaqudgha.
  2756 | D:2      | Found a deep blue altar of Sif Muna.
  3543 | D:3      | Found a hazy altar of Hepliaklqana.
  4173 | D:3      | Reached XP level 5. HP: 51/51 MP: 5/5
  4430 | D:4      | Reached ** piety under Trog
  4436 | D:4      | Found a shadowy altar of Dithmenos.
  4474 | D:4      | Reached skill level 7 in Fighting
  4629 | D:4      | Got a pitted leather armour
  4714 | D:4      | HP: 19/52 [worker ant (2)]
  4719 | D:4      | HP: 24/78 [poisoned by a worker ant]
  4725 | D:4      | HP: 19/78 [worker ant (2)]
  4732 | D:4      | HP: 9/78 [poisoned by a worker ant]
  4737 | D:4      | HP: 8/78 [poisoned by a worker ant]
  4745 | D:4      | HP: 8/78 [poisoned by a worker ant]
  5657 | D:4      | Reached XP level 6. HP: 54/60 MP: 6/6
  6221 | D:4      | Found a snail-covered altar of Cheibriados.
  6287 | D:4      | Found a sacrificial altar of Ru.
  6365 | D:4      | Found a blossoming altar of Fedhas.
  6491 | D:5      | Entered Level 5 of the Dungeon
  7066 | D:5      | HP: 35/91 [gnoll/whip (8)]
  7071 | D:5      | HP: 24/61 [gnoll/whip (1)]
  7076 | D:5      | HP: 22/61 [gnoll/whip (2)]
  7082 | D:5      | HP: 22/61 [gnoll/whip (5)]
  7102 | D:5      | HP: 23/91 [gnoll/whip (2)]
  7137 | D:5      | HP: 17/61 [adder (2)]
  7163 | D:5      | HP: 27/91 [adder (1)]
  7169 | D:5      | HP: 17/61 [poisoned by an adder]
  7175 | D:5      | HP: 16/61 [poisoned by an adder]
  7181 | D:5      | HP: 15/61 [poisoned by an adder]
  7411 | D:6      | Reached skill level 8 in Fighting
  7411 | D:6      | Reached XP level 7. HP: 68/68 MP: 7/7
  7420 | D:6      | Found a glowing silver altar of Zin.
  7420 | D:6      | Found a shimmering altar of Xom.
  7420 | D:6      | Noticed an angel
  7553 | D:5      | HP: 27/68 [gnoll/spear (1)]
  7556 | D:5      | HP: 11/68 [gnoll/spear (4)]
  7556 | D:5      | HP: 5/68 [gnoll/spear (6)]
  7558 | D:5      | HP: 1/68 [gnoll/spear (5)]
  7558 | D:5      | Slain by a gnoll

Vault maps used:
D:1:      saegor_arrival_simple_e
D:2:      okawaru_gym_becter, amethyst_overflow_temple_binary, first_ration,
          minmay_misc_feat_ornament, uniq_terence
D:3:      nicolae_overflow_hidden_temple
D:4:      kennysheep_slug_shrine, lemuel_round_altar,
          grunt_dithmenos_smoke_and_mirrors, old_standard_altar,
          portal_sewer_entry_d
D:5:      kennysheep_generic_room_4
D:6:      grunt_temple_overflow_order_and_chaos_1, uniq_blork_the_orc

Skill      XL: |  1  2  3  4  5  6 |
---------------+-------------------+-----
Fighting       | 4 5 6 7 8 |  8.0
Armour         | 3 4 |  4.8
Dodging        | |  1.5
Unarmed Combat | |  3.2

Action                   |  1- 3 |  4- 6 |  7- 9 || total
-------------------------+-------+-------+-------++-------
Melee: Punch             |     1 |     9 |     1 ||    11
Invok: Berserk           |    22 |    50 |     1 ||    73
       Trog's Hand       |       |     4 |       ||     4
Evoke: Wand              |       |       |     2 ||     2
  Use: Scroll            |     1 |    10 |       ||    11
       Potion            |       |     6 |       ||     6
  Eat: Chunk             |    10 |    29 |     2 ||    41
       Ration            |     4 |    10 |       ||    14
Armor: Animal skin       |    42 |       |       ||    42
       Scale mail        |    25 |   219 |    16 ||   260
       Skin              |       |    11 |       ||    11
Dodge: Dodged            |   131 |   363 |    24 ||   518

Table legend:
 A = Spawn XP
 B = Non-spawn XP
 C = Spawn XP percentage of total XP
 D = Spawn monster count
 E = Non-spawn monster count
 F = Spawn count percentage of total count
 G = Total turns spent on level
                    A         B        C        D         E        F      G
               +---------+---------+-------+---------+---------+-------+---------
         Total |       0 |     665 |   0.0 |       0 |      88 |   0.0 |  7558
               +---------+---------+-------+---------+---------+-------+---------
           D:1 |       0 |      23 |   0.0 |       0 |      16 |   0.0 |  1851
           D:2 |       0 |     108 |   0.0 |       0 |      20 |   0.0 |  1382
           D:3 |       0 |      96 |   0.0 |       0 |      15 |   0.0 |  1372
           D:4 |       0 |     203 |   0.0 |       0 |      19 |   0.0 |  1991
           D:5 |       0 |     192 |   0.0 |       0 |      16 |   0.0 |   920
           D:6 |       0 |      43 |   0.0 |       0 |       2 |   0.0 |    42
               +---------+---------+-------+---------+---------+-------+---------
